| TOP OF THE 1ST |
|
Bluefield Blue Jays batting - Pitching for Greeneville Astros : RHP James Browning
|
|
Pitching: RHP James Browning
|
|
|
Batting: RHB Bobby Roldan
|
0-0: Ground out 5-3 (Groundball, 56S, EV 85.6 MPH)
|
|
Batting: RHB Akira Kubo
|
0-0: Ball 1-0: Called Strike 1-1: SINGLE (Groundball, 6M, EV 102.5 MPH)
|
|
Batting: RHB Mark Noftall
|
0-0: Foul Ball, location: 2F 0-1: Ball 1-1: Swinging Strike 1-2: SINGLE (Line Drive, 7LS, EV 110.6 MPH) Akira Kubo to second
|
|
Batting: RHB Terry Plumley
|
0-0: Ball 1-0: Called Strike 1-1: Ball 2-1: Called Strike 2-2: Foul Ball, location: 2F 2-2: Ball 3-2: Strikes out looking
|
|
Batting: RHB Jorge Cruz
|
0-0: Ball 1-0: Foul Ball, location: 2F 1-1: Foul Ball, location: 2F 1-2: TRIPLE (Flyball, 9D, EV 98.1 MPH) Akira Kubo scores Mark Noftall scores
|
|
Batting: RHB David Gamez
|
0-0: Fly out, F3 (Line Drive, 34, EV 80.6 MPH)
|
| Top of the 1st over - 2 runs, 3 hits, 0 errors, 1 left on base; Bluefield 2 - Greeneville 0 |
| BOTTOM OF THE 1ST |
|
Greeneville Astros batting - Pitching for Bluefield Blue Jays : RHP Shalom Diender
|
|
Pitching: RHP Shalom Diender
|
|
|
Batting: RHB Jarno van Lente
|
0-0: Fly out, F6 (Line Drive, 56, EV 75.0 MPH)
|
|
Batting: RHB John Moore
|
0-0: Ball 1-0: Ground out 3-1 (Groundball, 13, EV 88.1 MPH)
|
|
Batting: RHB Hugo Priego
|
0-0: Called Strike 0-1: Foul Ball, location: 2F 0-2: Ball 1-2: Ball 2-2: SINGLE (Groundball, 6MD, EV 98.1 MPH)
|
|
Batting: RHB Areda Obote
|
0-0: Called Strike 0-1: Called Strike 0-2: Ball 1-2: Ball Hugo Priego is caught stealing 2nd base 2-4
|
| Bottom of the 1st over - 0 runs, 1 hit, 0 errors, 0 left on base; Bluefield 2 - Greeneville 0 |
| TOP OF THE 2ND |
|
Bluefield Blue Jays batting - Pitching for Greeneville Astros : RHP James Browning
|
|
Batting: LHB Ron de Vos
|
0-0: Ground out 6-3 (Groundball, 6, EV 103.1 MPH)
|
|
Batting: RHB Jorge Alva
|
0-0: Reached on error, E5 (Groundball, 56, EV 79.4 MPH)
|
|
Batting: RHB Manny Elizondo
|
0-0: Foul Ball, location: 2F 0-1: Called Strike 0-2: Fielders Choice at 2nd, 6-4 (Groundball, 6, EV 86.2 MPH)
|
|
Batting: RHB Bobby Roldan
|
0-0: Ball 1-0: Swinging Strike 1-1: Ground out U3 (Groundball, 3L, EV 105.6 MPH)
|
| Top of the 2nd over - 0 runs, 0 hits, 1 error, 1 left on base; Bluefield 2 - Greeneville 0 |
| BOTTOM OF THE 2ND |
|
Greeneville Astros batting - Pitching for Bluefield Blue Jays : RHP Shalom Diender
|
|
Batting: RHB Areda Obote
|
0-0: Ball 1-0: Called Strike 1-1: Ball 2-1: Ball 3-1: Foul Ball, location: 2F 3-2: Foul Ball, location: 2F 3-2: Foul Ball, location: 2F 3-2: Base on Balls
|
|
Batting: RHB Keith Goodwin
|
0-0: Ball 1-0: Swinging Strike 1-1: Foul Ball, location: 2F 1-2: Ground out 5-3 (Groundball, 56S, EV 75.0 MPH) Areda Obote to second
|
|
Batting: RHB Roger Pelley
|
0-0: Called Strike 0-1: Foul Ball, location: 2F 0-2: Strikes out swinging
|
|
Batting: RHB Domingas Saragoa
|
0-0: Ball 1-0: Foul Ball, location: 2F 1-1: Ball 2-1: Ball 3-1: Called Strike 3-2: Foul Ball, location: 2F 3-2: Ground out 5-3 (Groundball, 56S, EV 89.4 MPH)
|
| Bottom of the 2nd over - 0 runs, 0 hits, 0 errors, 1 left on base; Bluefield 2 - Greeneville 0 |
| TOP OF THE 3RD |
|
Bluefield Blue Jays batting - Pitching for Greeneville Astros : RHP James Browning
|
|
Batting: RHB Akira Kubo
|
0-0: Called Strike 0-1: Ball 1-1: Swinging Strike 1-2: Fly out, F3 (Line Drive, 34D, EV 73.1 MPH)
|
|
Batting: RHB Mark Noftall
|
0-0: Called Strike 0-1: Ball 1-1: Called Strike 1-2: Ball 2-2: Foul Ball, location: 2F 2-2: Ball 3-2: Base on Balls
|
|
Batting: RHB Terry Plumley
|
0-0: Called Strike Mark Noftall steals 2nd base 0-1: Fly out, F7 (Flyball, 7D, EV 94.4 MPH)
|
|
Batting: RHB Jorge Cruz
|
0-0: Ball 1-0: Ball 2-0: Ground out 6-3 (Groundball, 6, EV 100.6 MPH)
|
| Top of the 3rd over - 0 runs, 0 hits, 0 errors, 1 left on base; Bluefield 2 - Greeneville 0 |
| BOTTOM OF THE 3RD |
|
Greeneville Astros batting - Pitching for Bluefield Blue Jays : RHP Shalom Diender
|
|
Batting: LHB Gong Tow
|
0-0: Ball 1-0: Called Strike 1-1: Called Strike 1-2: Fly out, F7 (Flyball, 78S, EV 80.0 MPH)
|
|
Batting: RHB Devon Healy
|
0-0: Ball 1-0: Called Strike 1-1: Swinging Strike 1-2: Strikes out swinging
|
|
Batting: RHB Jarno van Lente
|
0-0: SINGLE (Line Drive, 7S, EV 96.2 MPH)
|
|
Batting: RHB John Moore
|
0-0: Ball 1-0: Swinging Strike 1-1: Foul Ball, location: 2F 1-2: Ball Jarno van Lente is caught stealing 2nd base 2-4
|
| Bottom of the 3rd over - 0 runs, 1 hit, 0 errors, 0 left on base; Bluefield 2 - Greeneville 0 |
| TOP OF THE 4TH |
|
Bluefield Blue Jays batting - Pitching for Greeneville Astros : RHP James Browning
|
|
Batting: RHB David Gamez
|
0-0: Ball 1-0: Ball 2-0: Ball 3-0: Base on Balls
|
|
Batting: LHB Ron de Vos
|
0-0: Fielders Choice at 2nd, 4-6 (Groundball, 4, EV 90.0 MPH)
|
|
Batting: RHB Jorge Alva
|
0-0: Called Strike 0-1: Swinging Strike 0-2: Foul Ball, location: 2F 0-2: SINGLE (Groundball, 4, EV 100.6 MPH) Ron de Vos to second Ron de Vos to third
|
|
Batting: RHB Manny Elizondo
|
0-0: Ball 1-0: Ball Wild Pitch! Ron de Vos scores Jorge Alva to second 2-0: Ball 3-0: Base on Balls
|
|
Batting: RHB Bobby Roldan
|
0-0: Ball Jorge Alva steals 3rd base Manny Elizondo to second 1-0: Ball Passed Ball! Jorge Alva scores Manny Elizondo to third 2-0: Ball 3-0: Foul Ball, location: 2F 3-1: Base on Balls
|
|
Batting: RHB Akira Kubo
|
0-0: Ball Bobby Roldan steals 2nd base 1-0: Swinging Strike 1-1: Foul Ball, location: 2F 1-2: Ball 2-2: Foul Ball, location: 2F 2-2: Strikes out swinging
|
|
Batting: RHB Mark Noftall
|
0-0: Ball 1-0: Called Strike 1-1: Swinging Strike 1-2: Foul Ball, location: 2F 1-2: Ball 2-2: Foul Ball, location: 2F 2-2: TRIPLE (Flyball, 78XD, EV 99.4 MPH) Manny Elizondo scores Bobby Roldan scores
|
|
Pitching: RHP Vinny Salazar
|
|
|
Batting: RHB Terry Plumley
|
0-0: Ball 1-0: Swinging Strike 1-1: Ball 2-1: Ball 3-1: Ground out 6-3 (Groundball, 6M, EV 95.6 MPH)
|
| Top of the 4th over - 4 runs, 2 hits, 0 errors, 1 left on base; Bluefield 6 - Greeneville 0 |
| BOTTOM OF THE 4TH |
|
Greeneville Astros batting - Pitching for Bluefield Blue Jays : RHP Shalom Diender
|
|
Batting: RHB John Moore
|
0-0: Swinging Strike 0-1: Ball 1-1: Ball 2-1: Ball 3-1: DOUBLE (Flyball, 78XD, EV 110.6 MPH)
|
|
Batting: RHB Hugo Priego
|
0-0: Called Strike 0-1: Ball 1-1: SINGLE (Line Drive, 3D, EV 99.4 MPH) John Moore to third
|
|
Batting: RHB Areda Obote
|
0-0: Ball 1-0: Ball 2-0: Called Strike 2-1: Swinging Strike 2-2: Ball 3-2: Base on Balls Hugo Priego to second
|
|
Batting: RHB Keith Goodwin
|
0-0: Swinging Strike 0-1: GRAND SLAM HOME RUN (Flyball, 9LD, EV 91.2 MPH), Distance : 330 ft
|
|
Batting: RHB Roger Pelley
|
0-0: Called Strike 0-1: Ball 1-1: Ball 2-1: Ball 3-1: Called Strike 3-2: SOLO HOME RUN (Flyball, 7LD, EV 95.0 MPH), Distance : 360 ft
|
|
Pitching: RHP Jordan Wyatt
|
|
|
Batting: RHB Domingas Saragoa
|
0-0: Called Strike 0-1: Ball 1-1: Called Strike 1-2: Ball 2-2: Strikes out swinging
|
|
Batting: LHB Gong Tow
|
0-0: Foul Ball, location: 2F 0-1: Called Strike 0-2: Foul Ball, location: 2F 0-2: Foul Ball, location: 2F 0-2: Hit by Pitch
|
|
Batting: RHB Devon Healy
|
0-0: Ball 1-0: Fielders Choice at 2nd, 5-4 (Groundball, 56, EV 88.1 MPH)
|
|
Batting: RHB Jarno van Lente
|
0-0: Ball 1-0: Foul Ball, location: 2F 1-1: Swinging Strike 1-2: SINGLE (Groundball, 34D, EV 96.9 MPH) Devon Healy to second Runner from 2nd tries for 3rd, SAFE, throw by RF made to third
|
|
Batting: RHB John Moore
|
0-0: Foul Ball, location: 2F 0-1: Fly out, F8 (Flyball, 8LD, EV 93.1 MPH)
|
| Bottom of the 4th over - 5 runs, 5 hits, 0 errors, 2 left on base; Bluefield 6 - Greeneville 5 |
| TOP OF THE 5TH |
|
Bluefield Blue Jays batting - Pitching for Greeneville Astros : RHP Vinny Salazar
|
|
Pinch Hitting: LHB Lothar Middelkoop
|
0-0: Ball 1-0: Ball 2-0: Foul Ball, location: 2F 2-1: SINGLE (Line Drive, 7LS, EV 99.4 MPH)
|
|
Batting: RHB David Gamez
|
0-0: Ball 1-0: Foul Ball, location: 2F 1-1: Ball 2-1: Swinging Strike Lothar Middelkoop steals 2nd base 2-2: Ball 3-2: Foul Ball, location: 2F 3-2: Ground out 5-3 (Groundball, 56, EV 102.5 MPH)
|
|
Batting: LHB Ron de Vos
|
0-0: Ball 1-0: Fly out, F8 (Flyball, 8LM, EV 80.0 MPH)
|
|
Batting: RHB Jorge Alva
|
0-0: Ball 1-0: Called Strike 1-1: Foul Ball, location: 2F 1-2: Ball 2-2: Ball 3-2: Strikes out swinging
|
| Top of the 5th over - 0 runs, 1 hit, 0 errors, 1 left on base; Bluefield 6 - Greeneville 5 |
| BOTTOM OF THE 5TH |
|
Greeneville Astros batting - Pitching for Bluefield Blue Jays : RHP Jordan Wyatt
|
|
Now at 2B: Nate Greening
|
|
|
Batting: RHB Hugo Priego
|
0-0: Ball 1-0: Foul Ball, location: 2F 1-1: Ball 2-1: DOUBLE (Groundball, 5L, EV 105.6 MPH)
|
|
Batting: RHB Areda Obote
|
0-0: Called Strike 0-1: Ball 1-1: Called Strike 1-2: Ball 2-2: Ground out 5-3 (Groundball, 56, EV 87.5 MPH)
|
|
Batting: RHB Keith Goodwin
|
0-0: TRIPLE (Flyball, 78XD, EV 84.4 MPH) Hugo Priego scores
|
|
Batting: RHB Roger Pelley
|
0-0: Ball 1-0: Foul Ball, location: 2F 1-1: Ball 2-1: Foul Ball, location: 2F 2-2: Ball 3-2: Foul Ball, location: 2F 3-2: Base on Balls
|
|
Batting: RHB Domingas Saragoa
|
0-0: Ball 1-0: Ball 2-0: Ball 3-0: Fly out, F8 (Flyball, 8RM, EV 90.6 MPH)
|
|
Pinch Hitting: LHB Ryan Fridley
|
0-0: SINGLE (Groundball, 4M, EV 96.9 MPH) (infield hit) Keith Goodwin scores Roger Pelley to second
|
|
Pitching: RHP Eric Bessire
|
|
|
Batting: RHB Devon Healy
|
0-0: Ball 1-0: Ball 2-0: Fly out, F7 (Flyball, 7, EV 94.4 MPH)
|
| Bottom of the 5th over - 2 runs, 3 hits, 0 errors, 2 left on base; Bluefield 6 - Greeneville 7 |
| TOP OF THE 6TH |
|
Bluefield Blue Jays batting - Pitching for Greeneville Astros : RHP Vinny Salazar
|
|
Now in LF: Ryan Fridley
|
|
|
Batting: RHB Manny Elizondo
|
0-0: Ball 1-0: Ball 2-0: Ball 3-0: Called Strike 3-1: Base on Balls
|
|
Pitching: LHP Kimmo-Mikka Koistinen
|
|
|
Batting: RHB Bobby Roldan
|
0-0: Ball Manny Elizondo steals 2nd base 1-0: Foul Ball, location: 2F 1-1: Foul Ball, location: 2F 1-2: Strikes out looking
|
|
Batting: RHB Akira Kubo
|
0-0: Called Strike 0-1: Ball 1-1: Fly out, F9 (Flyball, 89M, EV 97.5 MPH)
|
|
Batting: RHB Mark Noftall
|
0-0: Foul Ball, location: 2F 0-1: Ground out 5-3 (Groundball, 56, EV 86.9 MPH)
|
| Top of the 6th over - 0 runs, 0 hits, 0 errors, 1 left on base; Bluefield 6 - Greeneville 7 |
| BOTTOM OF THE 6TH |
|
Greeneville Astros batting - Pitching for Bluefield Blue Jays : RHP Eric Bessire
|
|
Batting: RHB Jarno van Lente
|
0-0: Ball 1-0: Called Strike 1-1: Foul Ball, location: 2F 1-2: Ball 2-2: Ball 3-2: Strikes out swinging
|
|
Batting: RHB John Moore
|
0-0: Called Strike 0-1: Ground out 4-3 (Groundball, 4MD, EV 102.5 MPH)
|
|
Batting: RHB Hugo Priego
|
0-0: Ball 1-0: Ground out 5-3 (Groundball, 5L, EV 101.9 MPH)
|
| Bottom of the 6th over - 0 runs, 0 hits, 0 errors, 0 left on base; Bluefield 6 - Greeneville 7 |
| TOP OF THE 7TH |
|
Bluefield Blue Jays batting - Pitching for Greeneville Astros : LHP Kimmo-Mikka Koistinen
|
|
Now at 1B: Keith Goodwin
|
|
|
Now at 2B: Jarno van Lente
|
|
|
Now in CF: Guadalupe Gonzalez
|
|
|
Batting: RHB Terry Plumley
|
0-0: SOLO HOME RUN (Flyball, 7D, EV 95.6 MPH), Distance : 370 ft
|
|
Pinch Hitting: RHB Jake Bronner
|
0-0: Foul Ball, location: 2F 0-1: Foul Ball, location: 2F 0-2: Ball 1-2: Ball 2-2: Ball 3-2: Base on Balls
|
|
Batting: RHB David Gamez
|
0-0: Sac Bunt to 2R - play at second, runner OUT! 2-6
|
|
Pinch Hitting: RHB Lao-che Zhu
|
0-0: Ball 1-0: Ball 2-0: Foul Ball, location: 2F 2-1: Called Strike 2-2: Ball 3-2: Strikes out swinging
|
|
Pinch Hitting: SHB Kevin Watson
|
0-0: Foul Ball, location: 2F 0-1: Ball 1-1: Called Strike 1-2: Foul Ball, location: 2F 1-2: SINGLE (Line Drive, 34D, EV 109.4 MPH) David Gamez to second
|
|
Pitching: RHP Tim Evans
|
|
|
Batting: RHB Manny Elizondo
|
0-0: Ball 1-0: Ball 2-0: Ball 3-0: Called Strike 3-1: Called Strike 3-2: Foul Ball, location: 2F 3-2: Foul Ball, location: 2F 3-2: Base on Balls David Gamez to third Kevin Watson to second
|
|
Batting: RHB Bobby Roldan
|
0-0: Ball 1-0: Ball 2-0: Ball 3-0: Foul Ball, location: 2F 3-1: Base on Balls David Gamez scores Kevin Watson to third Manny Elizondo to second
|
|
Batting: RHB Akira Kubo
|
0-0: Ball 1-0: Ball 2-0: Ball 3-0: Called Strike 3-1: Foul Ball, location: 2F 3-2: Ground out 5-3 (Groundball, 25, EV 88.1 MPH)
|
| Top of the 7th over - 2 runs, 2 hits, 0 errors, 3 left on base; Bluefield 8 - Greeneville 7 |
| BOTTOM OF THE 7TH |
|
Greeneville Astros batting - Pitching for Bluefield Blue Jays : RHP Eric Bessire
|
|
Now at 2B: Pete Duncan
|
|
|
Now in LF: Manny Elizondo
|
|
|
Now in CF: Jake Bronner
|
|
|
Now in RF: Benedikt Fleischmann
|
|
|
Batting: RHB Areda Obote
|
0-0: Called Strike 0-1: Called Strike 0-2: Ball 1-2: Foul Ball, location: 2F 1-2: Ball 2-2: Strikes out looking
|
|
Batting: RHB Keith Goodwin
|
0-0: Called Strike 0-1: Foul Ball, location: 2F 0-2: Foul Ball, location: 2F 0-2: SINGLE (Groundball, 6MD, EV 107.5 MPH) (infield hit)
|
|
Batting: RHB Roger Pelley
|
0-0: Fielders Choice at 2nd, 5-4 (Groundball, 5L, EV 107.5 MPH)
|
|
Batting: RHB Domingas Saragoa
|
0-0: Ball 1-0: Called Strike 1-1: Foul Ball, location: 2F 1-2: Strikes out looking
|
| Bottom of the 7th over - 0 runs, 1 hit, 0 errors, 1 left on base; Bluefield 8 - Greeneville 7 |
| TOP OF THE 8TH |
|
Bluefield Blue Jays batting - Pitching for Greeneville Astros : RHP Tim Evans
|
|
Batting: RHB Mark Noftall
|
0-0: Foul Ball, location: 2F 0-1: Called Strike 0-2: Ball 1-2: Ball 2-2: Ball 3-2: Ground out 6-3 (Groundball, 6, EV 77.5 MPH)
|
|
Pitching: RHP Marty Jackson
|
|
|
Batting: RHB Terry Plumley
|
0-0: Ball 1-0: Ground out 5-3 (Groundball, 5, EV 109.4 MPH)
|
|
Batting: RHB Jake Bronner
|
0-0: Called Strike 0-1: Foul Ball, location: 2F 0-2: Foul Ball, location: 2F 0-2: Ground out 4-3 (Groundball, 4M, EV 106.2 MPH)
|
| Top of the 8th over - 0 runs, 0 hits, 0 errors, 0 left on base; Bluefield 8 - Greeneville 7 |
| BOTTOM OF THE 8TH |
|
Greeneville Astros batting - Pitching for Bluefield Blue Jays : RHP Eric Bessire
|
|
Batting: LHB Ryan Fridley
|
0-0: Ball 1-0: Called Strike 1-1: SINGLE (Line Drive, 4M, EV 94.4 MPH)
|
|
Batting: RHB Jason Monico
|
0-0: Bunted foul 0-1: Bunt missed! 0-2: Strikes out swinging
|
|
Batting: RHB Jarno van Lente
|
0-0: Called Strike 0-1: Grounds into double play, 6-4-3 (Groundball, 6, EV 82.5 MPH)
|
| Bottom of the 8th over - 0 runs, 1 hit, 0 errors, 0 left on base; Bluefield 8 - Greeneville 7 |
| TOP OF THE 9TH |
|
Bluefield Blue Jays batting - Pitching for Greeneville Astros : RHP Marty Jackson
|
|
Batting: RHB David Gamez
|
0-0: Ground out 6-3 (Groundball, 6, EV 81.9 MPH)
|
|
Batting: RHB Pete Duncan
|
0-0: Foul Ball, location: 2F 0-1: Ball 1-1: Foul Ball, location: 2F 1-2: Ball 2-2: Strikes out swinging
|
|
Pinch Hitting: RHB John Rios
|
0-0: Ball 1-0: Foul Ball, location: 2F 1-1: Swinging Strike 1-2: Strikes out swinging
|
| Top of the 9th over - 0 runs, 0 hits, 0 errors, 0 left on base; Bluefield 8 - Greeneville 7 |
| BOTTOM OF THE 9TH |
|
Greeneville Astros batting - Pitching for Bluefield Blue Jays : RHP Eric Bessire
|
|
Pitching: RHP Dave Vandehey
|
|
|
Now in RF: Mike Chamberlain
|
|
|
Batting: LHB Guadalupe Gonzalez
|
0-0: Ball 1-0: Called Strike 1-1: Ball 2-1: Foul Ball, location: 2F 2-2: Strikes out swinging
|
|
Batting: RHB Hugo Priego
|
0-0: Ball 1-0: Ball 2-0: Swinging Strike 2-1: Foul Ball, location: 2F 2-2: Strikes out swinging
|
|
Batting: RHB Areda Obote
|
0-0: Foul Ball, location: 2F 0-1: Ball 1-1: Ball 2-1: Foul Ball, location: 2F 2-2: Ball 3-2: Base on Balls
|
|
Batting: RHB Keith Goodwin
|
0-0: Ball 1-0: Ball 2-0: Ball Wild Pitch! Areda Obote to second 3-0: Swinging Strike 3-1: Swinging Strike 3-2: Foul Ball, location: 2F 3-2: Strikes out looking
|
| Bottom of the 9th over - 0 runs, 0 hits, 0 errors, 1 left on base; Bluefield 8 - Greeneville 7 |
|